 Dungeon Crawl Stone Soup version 0.22-a0-305-gd21a89c (webtiles) character file.

719 vishdafish the Skirmisher (level 7, -10/84 HPs)
             Began as a Demonspawn Fighter on Mar 30, 2018.
             Was an Initiate of Ru.
             Mangled by an orc warrior
             ... wielding a +0 dire flail
              (25 damage)
             ... on level 6 of the Dungeon.
             The game lasted 00:07:47 (4398 turns).

vishdafish the Skirmisher (Demonspawn Fighter)      Turns: 4398, Time: 00:07:48

Health: -10/84     AC:  8    Str: 22    XL:     7   Next: 42%
Magic:  7/7        EV: 12    Int: 11    God:    Ru [......]
Gold:   272        SH: 10    Dex: 17    Spells: 6/6 levels left

rFire    . . .     SeeInvis .   a - +0 long sword
rCold    . . .     Gourm    .   c - +0 shield
rNeg     . . .     Faith    .   b - +0 scale mail
rPois    .         Spirit   .   w - +0 helmet
rElec    .         Reflect  .   (no cloak)
rCorr    +         Harm     .   (no gloves)
MR       .....                  (no boots)
Stlth    ..........             r - amulet of regeneration
HPRegen  0.64/turn              p - ring of resist corrosion
MPRegen  0.10/turn              u - ring of flight

@: agile, berserking, hasted, very quick
A: hooves 1, spiny 1
a: Renounce Religion, Evoke Flight


You were on level 6 of the Dungeon.
You worshipped Ru.
Ru was noncommittal.
You were not hungry.

You visited 1 branch of the dungeon, and saw 6 of its levels.

You collected 272 gold pieces.

Inventory:

Hand Weapons
 a - a +0 long sword (weapon)
Armour
 b - a +0 scale mail (worn)
 c - a +0 shield (worn)
 s - a +0 chain mail
 w - a +0 helmet (worn)
Jewellery
 p - a ring of resist corrosion (left hand)
 r - an amulet of regeneration (around neck)
 u - a ring of flight (right hand)
Scrolls
 i - a scroll of fear {unknown}
 k - a scroll of amnesia {unknown}
 m - a scroll of noise {unknown}
 n - 4 scrolls of remove curse
 q - a scroll of enchant armour {unknown}
 x - 2 scrolls of identify
 y - a scroll of magic mapping {unknown}
 z - a scroll of immolation {unknown}
Potions
 g - a potion of degeneration
 l - a potion of haste
 o - a potion of agility
 t - 2 potions of cancellation
 v - a potion of brilliance {unknown}
Comestibles
 f - 4 rations


   Skills:
 + Level 5.0 Fighting
 + Level 4.2 Long Blades
 + Level 4.4 Armour
 - Level 0.3 Dodging
 + Level 4.6 Shields


You had 6 spell levels left.
You didn't know any spells.

Dungeon Overview and Level Annotations

Branches:
Dungeon (6/15)
 Temple: D:4-7

Altars:
Ashenzari
Kikubaaqudgha
Makhleb
Okawaru
Ru
The Shining One


Innate Abilities, Weirdness & Mutations

You have large cloven feet.
You are partially covered in sharp spines.


Message History

You block the orc warrior's attack.
You feel agile all of a sudden.
The orc warrior hits you with a dire flail!
* * * LOW HITPOINT WARNING * * *
You feel better.
You closely miss the orc warrior.
The orc warrior is heavily wounded.
The orc warrior hits you with a dire flail!
* * * LOW HITPOINT WARNING * * *
It was a potion of berserk rage.
A red film seems to cover your vision as you go berserk!
You feel yourself moving faster!
You feel mighty!
The orc warrior hits you but does no damage.
You slash the orc warrior!
You kick the orc warrior, but do no damage.
The orc warrior is severely wounded.
You hit the orc warrior. Your kick misses the orc warrior.
The orc warrior is severely wounded.
The orc warrior hits you with a dire flail!!
You die...

#####
+@..#
#o..#
.......
.#...#..#
..#..(#
.# ..
#...# #
... ....#
... .....


You could see an orc warrior.

Vanquished Creatures
  Duvessa (D:4)
  An ice beast (D:5)
  An ogre (D:3)
  Dowan (D:4)
  2 orc priests (D:4)
  5 worker ants
  A killer bee zombie (D:5)
  A hound skeleton (D:4)
  3 adders (D:4)
  A howler monkey skeleton (D:4)
  3 worms (D:2)
  6 leopard geckos
  22 orcs
  2 ball pythons
  4 giant cockroaches (D:2)
  6 goblins
  7 hobgoblins
  2 jackals (D:4)
  2 quokkas
  12 bats
  8 frilled lizards
  11 kobolds
  6 rats
108 creatures vanquished.

Notes
Turn   | Place    | Note
-------+----------+-------------------------------------------
     0 | D:1      | vishdafish the Demonspawn Fighter began the quest for the Orb.
     0 | D:1      | Reached XP level 1. HP: 18/18 MP: 1/1
   264 | D:1      | Gained mutation: You have large cloven feet. [demonic ancestry]
   264 | D:1      | Reached XP level 2. HP: 24/24 MP: 2/2
   663 | D:2      | Found an iron altar of Okawaru.
   751 | D:2      | Reached XP level 3. HP: 22/29 MP: 3/3
  1692 | D:3      | Noticed an ogre
  1937 | D:4      | Gained mutation: You are partially covered in sharp spines. [demonic ancestry]
  1937 | D:4      | Reached XP level 4. HP: 35/35 MP: 4/4
  2306 | D:4      | Reached XP level 5. HP: 14/42 MP: 5/5
  2590 | D:4      | Reached skill level 4 in Fighting
  2935 | D:4      | Noticed Dowan
  2936 | D:4      | Noticed Duvessa
  3169 | D:3      | Found an ancient bone altar of Kikubaaqudgha.
  3171 | D:3      | Killed an ogre
  3171 | D:3      | Reached XP level 6. HP: 49/49 MP: 6/6
  3176 | D:3      | Found a glowing golden altar of the Shining One.
  3204 | D:3      | Found a shattered altar of Ashenzari.
  3228 | D:3      | Found a sacrificial altar of Ru.
  3449 | D:3      | Found a burning altar of Makhleb.
  3524 | D:3      | Became a worshipper of Ru the Awakened
  3830 | D:4      | Killed Duvessa
  3830 | D:4      | Reached XP level 7. HP: 47/55 MP: 7/7
  3839 | D:4      | Killed Dowan
  4075 | D:5      | Entered Level 5 of the Dungeon
  4168 | D:5      | Reached skill level 5 in Fighting
  4398 | D:6      | Mangled by an orc warrior

Vault maps used:
D:1:      minmay_arrival_cross
D:2:      okawaru_metal_pillars_1_2
D:3:      grunt_temple_overflow_cloverleaf, bloody_makhleb
D:4:      first_ration, uniq_duvessa
D:5:      guppyfry_early_orc_mine
D:6:      lemuel_slime, minmay_temple_entry_nine_rooms, serial_shops, shop,
          corexii_item_surrounded_by_moat, uniq_prince_ribbit1, uniq_menkaure

Skill      XL: |  1  2  3  4  5  6  7 |
---------------+----------------------+-----
Long Blades    | 2 3 4 |  4.2
Shields        | 3 4 |  4.6
Armour         | 3 4 |  4.4
Fighting       | 4 5 |  5.0
Dodging        | |  0.3

Action                   |  1- 3 |  4- 6 |  7- 9 || total
-------------------------+-------+-------+-------++-------
Melee: Long sword        |   132 |   145 |    57 ||   334
       Kick              |    27 |    40 |    13 ||    80
  Use: Potion            |       |     1 |     7 ||     8
       Scroll            |       |     8 |       ||     8
  Eat: Ration            |     1 |       |     1 ||     2
       Chunk             |       |     5 |     1 ||     6
Armor: Scale mail        |    69 |    26 |    15 ||   110
       Chain mail        |       |    16 |       ||    16
       Skin              |       |       |     5 ||     5
Dodge: Dodged            |    45 |    23 |    12 ||    80
Block: Shield            |    84 |    58 |    19 ||   161
       Rpst.: Long sword |    18 |     8 |     2 ||    28

Table legend:
 A = Spawn XP
 B = Non-spawn XP
 C = Spawn XP percentage of total XP
 D = Spawn monster count
 E = Non-spawn monster count
 F = Spawn count percentage of total count
 G = Total turns spent on level
                    A         B        C        D         E        F      G
               +---------+---------+-------+---------+---------+-------+---------
         Total |       0 |    1028 |   0.0 |       0 |     108 |   0.0 |  4398
               +---------+---------+-------+---------+---------+-------+---------
           D:1 |       0 |      21 |   0.0 |       0 |      14 |   0.0 |   935
           D:2 |       0 |      62 |   0.0 |       0 |      31 |   0.0 |   848
           D:3 |       0 |     196 |   0.0 |       0 |      23 |   0.0 |   619
           D:4 |       0 |     546 |   0.0 |       0 |      35 |   0.0 |  1673
           D:5 |       0 |     203 |   0.0 |       0 |       5 |   0.0 |   226
               +---------+---------+-------+---------+---------+-------+---------
